 Dungeon Crawl Stone Soup version 0.29-a0-330-g52719c12eb (webtiles) character file.

Game seed: 4510221534655219216

413 Crownlay the Archer (level 6, 0/30 HPs)
             Began as a Spriggan Hunter on May 13, 2022.
             Slain by Duvessa
             ... wielding a +0 short sword
              (5 damage)
             ... on level 4 of the Dungeon.
             The game lasted 00:04:23 (3245 turns).

Crownlay the Archer (Spriggan Hunter)               Turns: 3245, Time: 00:04:24

Health: 0/30       AC:  3    Str: 13    XL:     6   Next: 59%
Magic:  7/7        EV: 19    Int: 10    God:
Gold:   192        SH:  0    Dex: 30    Spells: 5/5 levels left

rFire   . . .      SeeInvis +   a - +1 shortbow
rCold   . . .      Faith    +   (shield currently unavailable)
rNeg    . . .      Spirit   .   i - +0 robe "Dinirir" {Str+6 Dex+3}
rPois   .          Reflect  .   r - +0 hat {Stlth+}
rElec   .          Harm     .   o - +0 cloak
rCorr   .          Rampage  .   (gloves unavailable)
Will    +....                   (boots unavailable)
Stlth   +++++.....              u - amulet of faith
HPRegen 0.10/turn               b - +6 ring of dexterity
MPRegen 0.10/turn               p - ring of flight

@: flying, very quick
A: very small, no large weapons, unfitting armour, see invisible, speed 3
a: no special abilities


You were on level 4 of the Dungeon.
You visited 1 branch of the dungeon, and saw 4 of its levels.

You collected 192 gold pieces.

Inventory:

Hand Weapons
 a - a +1 shortbow (weapon)
Missiles
 m - a throwing net
Armour
 i - the +0 robe "Dinirir" (worn) {Str+6 Dex+3}
   (You found it on level 2 of the Dungeon)

   Str:       It affects your strength (+6).
   Dex:       It affects your dexterity (+3).
 o - a +0 cloak (worn)
 r - a +0 hat of stealth (worn)
Jewellery
 b - a +6 ring of dexterity (left hand)
 p - a ring of flight (right hand)
 u - an amulet of faith (around neck)
Wands
 s - a wand of iceblast (12)
Scrolls
 c - a scroll of immolation
 d - 2 scrolls of identify {unknown}
 e - a scroll of magic mapping {unknown}
 f - 2 scrolls of teleportation
 l - 2 scrolls of fog
 q - a scroll of noise {unknown}
Potions
 g - 4 potions of magic {unknown}
 h - 2 potions of heal wounds {unknown}
 j - a potion of attraction {unknown}
 k - a potion of cancellation {unknown}
 n - 3 potions of curing {unknown}
 t - 2 potions of resistance {unknown}


   Skills:
 - Level 1.5 Fighting
 * Level 8.3 Bows
 - Level 2.6 Dodging
 + Level 6.2 Stealth


You had 5 spell levels left.
You didn't know any spells.
Your spell library was empty.

Dungeon Overview and Level Annotations

Branches:
Dungeon (4/15)
 Temple: D:4-7

Altars:

Shops:
D:2 (

Annotations:
D:3 Ijyb
D:4 Dowan, Duvessa


Innate Abilities, Weirdness & Mutations

You are very small and have problems with some larger weapons.
You are too small for most types of armour.
You have supernaturally acute eyesight. (SInv)
You cover ground extremely quickly. (Speed+++)


Message History

You shoot an arrow. The arrow barely misses Duvessa.
Dowan shouts!
The arrow hits Dowan!
Dowan is moderately wounded.
You shoot an arrow. The arrow hits Duvessa!
Duvessa is severely wounded.
Dowan casts a spell.
Dowan blinks!
You shoot an arrow. The arrow barely misses Duvessa.
You shoot an arrow.
The arrow hits Duvessa but does no damage.
Duvessa is severely wounded.
Duvessa hits you with a +0 short sword! Duvessa completely misses you.
You shoot an arrow. The arrow closely misses Duvessa.
Duvessa closely misses you. Duvessa barely misses you.
You shoot an arrow.
The arrow hits Duvessa but does no damage.
Duvessa is severely wounded.
Duvessa hits you with a +0 short sword!
Dowan mumbles some strange words.
Dowan blinks!
You are too injured to fight recklessly!
Shoot: a) +1 shortbow
Press: ? - help, Shift-Dir - straight line, f/p - Duvessa
Aim: Duvessa, wielding a +0 short sword and wearing a +1 leather armour of cold resistance (severely wounded, fast, 74% to hit)
You shoot an arrow. The arrow hits Duvessa.
Duvessa is almost dead.
Duvessa hits you with a +0 short sword!
* * * LOW HITPOINT WARNING * * *
Duvessa misses you.
Dowan casts a spell.
Dowan blinks!
Okay, then.
Shoot: a) +1 shortbow
Press: ? - help, Shift-Dir - straight line, f/p - Duvessa
Aim: Duvessa, wielding a +0 short sword and wearing a +1 leather armour of cold resistance (almost dead, fast, 74% to hit)
You shoot an arrow. The arrow hits Duvessa.
Duvessa is almost dead.
Duvessa hits you with a +0 short sword.
You die...

...###########
#....§e@....#########
...###.#####..........
#. #..######## #. #..#
###.#####..#
...........####
#.#.........#
......#.#####....
..#.# #.# ...


You could see Duvessa (fast).

Vanquished Creatures
  Sigmund (D:3)
  A sky beast (D:3)
  An orc priest (D:4)
  Jessica (D:3)
  An orc wizard (D:4)
  An adder (D:3)
  3 worms
  2 dart slugs
  3 orcs (D:4)
  4 endoplasms
  4 giant cockroaches
  5 goblins
  7 hobgoblins
  A quokka (D:3)
  4 ball pythons
  5 bats
  3 frilled lizards
  2 kobolds
  3 rats
52 creatures vanquished.

Notes
Turn   | Place    | Note
-------+----------+-------------------------------------------
     0 | D:1      | Crownlay the Spriggan Hunter began the quest for the Orb.
     0 | D:1      | Reached XP level 1. HP: 10/10 MP: 2/2
    18 | D:1      | Noticed a minotaur skeleton
    56 | D:1      | Reached skill level 5 in Bows
   318 | D:1      | Reached XP level 2. HP: 14/14 MP: 3/3
   743 | D:2      | Found Xuamosas's Antique Weapon Emporium.
   801 | D:2      | Identified the +0 robe "Dinirir" {Str+6 Dex+3}
   893 | D:2      | Reached XP level 3. HP: 18/18 MP: 4/4
   895 | D:2      | Found a faded altar of an unknown god.
  1289 | D:3      | Noticed Ijyb
  1905 | D:3      | Noticed a sky beast
  1928 | D:3      | Killed a sky beast
  1929 | D:3      | Reached skill level 6 in Bows
  1929 | D:3      | Reached XP level 4. HP: 5/22 MP: 5/5
  2251 | D:3      | Reached XP level 5. HP: 25/25 MP: 6/6
  2302 | D:3      | Noticed Jessica
  2304 | D:3      | Killed Jessica
  2305 | D:3      | Reached skill level 7 in Bows
  2336 | D:3      | Noticed Sigmund
  2360 | D:3      | Killed Sigmund
  2361 | D:3      | Reached skill level 8 in Bows
  2361 | D:3      | Reached skill level 5 in Stealth
  2361 | D:3      | Reached XP level 6. HP: 14/30 MP: 7/7
  3234 | D:4      | Noticed Duvessa
  3236 | D:4      | Noticed Dowan
  3245 | D:4      | Slain by Duvessa

Illustrated notes

Levels and vault maps discovered:
D:1:      shiori_arrival_whats_in_store_for_you, layout_basic,
          serial_bayou_pond_d, chequers_serial_rivers_small_b
D:2:      layout_basic, serial_shops, nicolae_shop_hallway_plus,
          shapermc_ecumenical_altar_hornbeckon
D:3:      layout_loops_ring, uniq_jessica, uniq_sigmund, uniq_ijyb
D:4:      layout_loops_ring, minmay_misc_feat_chi, minmay_misc_feat_plants,
          uniq_duvessa

Skill      XL: |  1  2  3  4  5  6 |
---------------+-------------------+-----
Bows           | 5 6 8 |  8.3
Stealth        | 2 4 5 6 |  6.2
Fighting       | |  1.5
Dodging        | |  2.6

Action                   |  1- 3 |  4- 6 || total
-------------------------+-------+-------++-------
 Fire: Shortbow          |    59 |    69 ||   128
  Use: Scroll            |       |     2 ||     2
Armor: Robe              |     1 |     1 ||     2
Dodge: Dodged            |     4 |    19 ||    23

Table legend: (Time is in decaauts)
 A = Elapsed time spent in this place.
 B = Non-inter-level travel time spent in this place.
 C = Inter-level travel time spent in this place.
 D = Time resting spent in this place.
 E = Time spent auto-exploring this place.
 F = Levels seen in this place.
 G = Mean time per level.
                   A        B        C        D        E       F      G
               +--------+--------+--------+--------+--------+-----+--------+
         Total |   2484 |   2399 |     85 |      0 |   2084 |   4 |  621.0 |
       Dungeon |   2484 |   2399 |     85 |      0 |   2084 |   4 |  621.0 |
               +--------+--------+--------+--------+--------+-----+--------+

Top non-repeatable levels by time:
     D:3: 874 daAuts
     D:2: 831 daAuts
     D:1: 449 daAuts
     D:4: 329 daAuts
